AoeStats
← waLLefps.

Arena

507359428Analyzed
1v1 RM · 13d ago on Sep 17, 2026· 33m 32s· 2 players
Game mode
Random Map
Map size
Tiny (2 player)
Population
200
Speed
Normal
Resources
Standard
Victory
Conquest
Starting age
Dark Age
Ending age
Imperial Age
RankedLock teamsTeams togetherTeam positionsShared explorationLock speedFull tech treeHidden civsTurbo modeCheats
Victory
Defeat
🇹🇷 Malay · Türkiye
1317
+15
🇺🇸 Turks · United States
1306
-15
dick_hawkins
11:19 Feudal Age
16:06 Castle Age
13:57 Double-Bit Axe
14:05 Gold Mining
20:15 Imperial Age
21:13 Padded Archer Armor
26:26 Fletching
26:51 Leather Archer Armor
30:50 Bodkin Arrow
waLLefps.
9:11 Feudal Age
8:50 Double-Bit Axe
8:53 Horse Collar
16:04 Castle Age
15:55 Bow Saw
16:48 Heavy Plow
21:22 Wheelbarrow
21:02 Loom
21:30 Forging
21:18 Gold Mining
22:53 Squires
23:49 Iron Casting
26:39 Hand Cart
27:43 Town Watch
30:37 Imperial Age
31:14 Conscription
31:55 Blast Furnace
31:42 Fletching
32:54 Chemistry
32:00 Siege Engineers
32:01 Elite Karambit Warrior
33:33 Gold Shaft Mining
32:48 Stone Mining
Connection lost

Rejoining the realm…

Still unreachable

The connection could not be restored.

Session expired

The server has moved on; the page needs a fresh start.